[Event "Team 45 45 League T80"]
[Site "Internet Chess Club"]
[Date "2019.04.19"]
[Round "4"]
[White "Kingofknights"]
[Black "Andressa"]
[Result "1-0"]
[WhiteElo "1445"]
[BlackElo "1359"]
[Opening "QGD: Neo-orthodox variation, 7.Bh4"]
[ECO "D56"]
[Time "11:13:28"]
[TimeControl "2700+45"]

1. d4 d5 2. c4 e6 3. Nc3 Nf6 4. Bg5 Be7 5. Nf3 h6 6. Bh4 O-O 7. e3 a6 8. Qc2 Nc6
9. a3 dxc4 10. Bxc4 b5 11. Bd3 Bb7 12. Rc1 Na5 13. Ne2 Rc8 14. b4 Nc6 15. O-O
Qd7 16. Bxf6 Bxf6 17. Be4 Nxd4 18. Nexd4 Bxe4 19. Qxe4 Rfe8 20. Rfd1 Qe7 21. Nc6
Qf8 22. Nfe5 Bxe5 23. Nxe5 f5 24. Qc6 Qf6 25. f4 {Black resigns} 1-0

[Event "Team 45 45 League T80"]
[Site "Internet Chess Club"]
[Date "2019.04.23"]
[Round "4"]
[White "Balderdash"]
[Black "kingphisch"]
[Result "1-0"]
[WhiteElo "1348"]
[BlackElo "1419"]
[Opening "Dunst (Sleipner, Heinrichsen) opening"]
[ECO "D00"]
[Time "15:00:40"]
[TimeControl "2700+45"]

1. Nc3 Nf6 2. d4 d5 3. Bf4 e6 4. Nf3 Bd6 5. Ne5 O-O 6. Bg5 Nbd7 7. Nb5 Be7 8. e4
a6 9. Nc3 c5 10. Nxd7 Bxd7 11. e5 Ne4 12. Nxe4 dxe4 13. Be3 Rc8 14. Qg4 f5 15.
exf6 Rxf6 16. Qxe4 Bc6 17. Qg4 Rg6 18. Qh3 cxd4 19. O-O-O Qa5 20. Bxd4 Qxa2 21.
Bd3 Rh6 22. Qg4 Qa1+ 23. Kd2 Qa5+ 24. c3 Qg5+ 25. Qxg5 Bxg5+ 26. Kc2 Bf6 27. Be3
Ba4+ 28. Kd2 Rh5 29. Ra1 Bc6 30. f3 Rd8 31. g4 Rhd5 32. Bd4 Bxd4 33. Bxh7+ Kxh7
34. cxd4 Rxd4+ 35. Kc3 Bxf3 36. Rhe1 Bxg4 37. Ra5 Bf5 38. Rc5 Rd3+ 39. Kb4 R8d4+
40. Ka5 Rd5 41. Rxd5 Rxd5+ 42. Kb6 Rb5+ 43. Kc7 Rxb2 44. h4 a5 45. Ra1 b6 46.
Ra4 Rb4 47. Ra3 a4 48. Kd6 b5 49. h5 Rb3 50. Ra2 a3 51. Ke7 Rh3 52. Kf7 Rxh5 53.
Rxa3 b4 54. Rb3 Rh4 55. Rg3 Rg4 56. Rh3+ Rh4 57. Rxh4# {Black checkmated} 1-0

[Event "Team 45 45 League T80"]
[Site "Internet Chess Club"]
[Date "2019.04.21"]
[Round "4"]
[White "QuieroAprender"]
[Black "Portola"]
[Result "1-0"]
[WhiteElo "1660"]
[BlackElo "1778"]
[Opening "French: exchange variation"]
[ECO "C01"]
[Time "14:05:03"]
[TimeControl "2700+45"]

1. e4 e6 2. d4 d5 3. exd5 exd5 4. Bb5+ c6 5. Bd3 Nf6 6. Bg5 Be7 7. Nd2 O-O 8.
Ngf3 Bg4 9. h3 Bh5 10. c3 Nbd7 11. Qc2 Re8 12. O-O Bxf3 13. Nxf3 h6 14. Bh4 Qc7
15. Rae1 Bd6 16. Bf5 g5 17. Bxd7 Qxd7 18. Bg3 Bxg3 19. fxg3 Ne4 20. Ne5 Rxe5 21.
dxe5 Qe6 22. Rxe4 dxe4 23. Qxe4 Qxa2 24. Qb4 b6 25. Qd6 Qd5 26. Rf6 Re8 27. Qxc6
Qxc6 28. Rxc6 Kg7 29. Rc7 a5 30. Rc6 Rxe5 31. Rxb6 Rc5 32. Kf2 Re5 33. c4 Rc5
34. b3 a4 35. Ke3 axb3 36. Kd4 Rf5 37. Rxb3 Rf2 38. c5 Rxg2 39. c6 Rd2+ 40. Rd3
Rc2 41. Kd5 Kf8 42. Kd6 Ke8 43. c7 Rc1 44. Re3+ Kf8 45. Re5 Rc2 46. Rc5 Rd2+ 47.
Rd5 Rc2 48. Kd7 {Black resigns} 1-0

[Event "Team 45 45 League T80"]
[Site "Internet Chess Club"]
[Date "2019.04.19"]
[Round "4"]
[White "rubo"]
[Black "justice02"]
[Result "0-1"]
[WhiteElo "1557"]
[BlackElo "1640"]
[Opening "Queen's pawn, Mason variation"]
[ECO "D00"]
[Time "22:00:32"]
[TimeControl "2700+45"]

1. d4 d5 2. Bf4 c6 3. c3 Nd7 4. Nd2 Ngf6 5. Ngf3 h6 6. e3 g5 7. Bg3 Nh5 8. Ne5
Nxg3 9. hxg3 Nxe5 10. dxe5 Bg7 11. f4 Qb6 12. Kf2 Qxb2 13. Qc1 Qb6 14. Rb1 Qc7
15. Be2 Bf5 16. Rb3 O-O 17. Bh5 f6 18. exf6 Rxf6 19. g4 Be6 20. Qb2 gxf4 21. Nf3
fxe3+ 22. Kxe3 Qf4+ 23. Kf2 b5 24. Rb4 Qd6 25. Qd2 a5 26. Rb2 Raf8 27. Re1 Rf4
28. Kg1 Bxg4 29. Bxg4 Rxg4 30. Rf1 Qc5+ 31. Nd4 Rxf1+ 32. Kxf1 e5 33. Ne6 Qe7
34. Nxg7 Qxg7 35. Kg1 h5 36. Qe2 h4 37. Qf3 e4 38. Qh3 Qg5 39. Rf2 c5 40. Re2 d4
41. cxd4 cxd4 42. Qb3+ Kg7 43. Qxb5 Qxb5 {White resigns} 0-1

[Event "Team 45 45 League T80"]
[Site "Internet Chess Club"]
[Date "2019.04.18"]
[Round "4"]
[White "mongmong"]
[Black "nosir"]
[Result "1-0"]
[WhiteElo "1532"]
[BlackElo "1417"]
[Opening "Queen's Pawn"]
[ECO "A41"]
[Time "18:00:51"]
[TimeControl "2700+45"]

1. d4 d6 2. Nf3 Nf6 3. c4 Nbd7 4. g3 e5 5. Nc3 Be7 6. Bg2 c6 7. e4 Qc7 8. O-O h6
9. h3 g5 10. dxe5 dxe5 11. Nh2 Nf8 12. b3 Ng6 13. Bb2 Bd7 14. Qe2 Qc8 15. g4 h5
16. f3 Bc5+ 17. Kh1 Nf4 18. Qc2 hxg4 19. hxg4 Bxg4 20. Na4 Bxf3 21. Rxf3 Ng4 22.
Bh3 Bd6 23. c5 Bc7 24. Kg1 Rxh3 25. Rxh3 Nxh3+ 26. Kh1 Nhf2+ 27. Kg1 Ne3 28.
Qxf2 Ng4 29. Nxg4 Qxg4+ 30. Qg2 Qh4 31. Rd1 Ke7 32. Nc3 Rh8 33. Ne2 b6 34. Ng3
Qh5 35. Nf5+ Kf8 36. Rd2 bxc5 37. Rd7 Bb6 38. Kf1 f6 39. Ba3 Rh7 40. Ng3 Qh6 41.
Rxh7 Qxh7 42. Qh1 Qg7 43. Nf5 Qg8 44. Qh6+ Kf7 45. Qh5+ Ke6 46. Qd1 Qf8 47. Qd3
Bc7 48. Qc4+ Kd7 49. Bxc5 Qh8 50. Kg2 Bb6 51. Bxb6 axb6 52. Qf7+ Kd8 53. Qe7+
Kc8 54. Nd6+ {Black resigns} 1-0

[Event "Team 45 45 League T80"]
[Site "Internet Chess Club"]
[Date "2019.04.20"]
[Round "4"]
[White "g8wrb"]
[Black "dabodhi"]
[Result "1/2-1/2"]
[WhiteElo "1413"]
[BlackElo "1292"]
[Opening "French: Tarrasch, open variation"]
[ECO "C07"]
[Time "15:04:28"]
[TimeControl "2700+45"]

1. e4 e6 2. d4 d5 3. Nd2 c5 4. c3 cxd4 5. cxd4 dxe4 6. Nxe4 Bb4+ 7. Nc3 Nf6 8.
Bb5+ Bd7 9. Qa4 Bxc3+ 10. bxc3 O-O 11. Nf3 Qc7 12. Bb2 Bxb5 13. Qxb5 Nd5 14. Rc1
a6 15. Qb3 Nf4 16. O-O Ne2+ 17. Kh1 Nxc1 18. Rxc1 Nc6 19. Kg1 Na5 20. Qb4 Nc4
21. Ba1 b5 22. h3 Qf4 23. Bb2 Rfe8 24. Re1 Rad8 25. Bc1 Qd6 26. Qb1 h6 27. Qe4
Qd5 28. Qg4 Qf5 29. Qg3 Rd5 30. Bxh6 Qg6 31. Qxg6 fxg6 32. Bf4 e5 33. dxe5 Rd3
34. Rc1 Rd5 35. Re1 Rd3 {Game drawn by mutual agreement} 1/2-1/2

[Event "Team 45 45 League T80"]
[Site "Internet Chess Club"]
[Date "2019.04.22"]
[Round "4"]
[White "Duguesclin"]
[Black "DaveTheRook"]
[Result "0-1"]
[WhiteElo "1481"]
[BlackElo "1578"]
[Opening "Nimzo-Indian: Leningrad variation"]
[ECO "E30"]
[Time "17:05:48"]
[TimeControl "2700+45"]

1. d4 Nf6 2. c4 e6 3. Nc3 Bb4 4. Bg5 O-O 5. Qc2 d5 6. e3 h6 7. Bh4 c6 8. Bd3
Nbd7 9. Nf3 dxc4 10. Bxc4 Qc7 11. Bg3 Bd6 12. Bxd6 Qxd6 13. O-O Re8 14. Rfd1 Nd5
15. Ne4 Qe7 16. a3 N7f6 17. Ne5 Nxe4 18. Qxe4 Nf6 19. Qf3 Nd7 20. Nd3 Qf6 21.
Qxf6 Nxf6 22. f3 Nd5 23. e4 Ne3 24. Rdc1 Nxc4 25. Rxc4 Rd8 26. Ne5 Bd7 27. Rd1
Be8 28. f4 Rac8 29. b4 f6 30. Nf3 Bh5 31. Kf2 Rc7 32. d5 Rcd7 33. Rcd4 Bxf3 34.
Kxf3 cxd5 35. exd5 Rxd5 36. Rxd5 Rxd5 37. Rxd5 exd5 38. Ke3 Kf7 39. f5 Ke7 40.
Kd4 Kd6 41. b5 a6 42. bxa6 bxa6 43. g4 Kc6 44. a4 Kd6 45. h3 Kc6 46. h4 Kd6 47.
Kd3 Kc5 48. Kc3 a5 49. Kd3 d4 50. h5 Kd5 51. Kd2 Kc4 52. Kc2 d3+ 53. Kd2 Kd4 54.
Kd1 Kc3 55. Kc1 Kb3 56. Kd2 Kxa4 57. Kxd3 Kb3 58. Kd4 a4 59. Kd5 a3 60. Ke6 a2
61. Kf7 a1=Q 62. Kxg7 Qg1 63. Kxf6 Qxg4 {White resigns} 0-1

[Event "Team 45 45 League T80"]
[Site "Internet Chess Club"]
[Date "2019.04.22"]
[Round "4"]
[White "pokerram"]
[Black "President"]
[Result "1/2-1/2"]
[WhiteElo "1562"]
[BlackElo "1632"]
[Opening "Owen defense"]
[ECO "B00"]
[Time "13:01:14"]
[TimeControl "2700+45"]

1. e4 b6 2. d4 Bb7 3. Bd3 e6 4. Nf3 Nf6 5. Qe2 c5 6. c3 d5 7. e5 Ne4 8. Nbd2 c4
9. Bxe4 dxe4 10. Nxe4 Qc7 11. O-O b5 12. Bf4 h6 13. Rfe1 a5 14. a3 Bd5 15. Nd6+
Bxd6 16. exd6 Qd7 17. Ne5 Qb7 18. d7+ Nxd7 19. Nxd7 Qxd7 20. Qg4 f5 21. Qxf5 Rf8
22. Qg6+ Qf7 23. Qxf7+ Rxf7 24. Bd6 Kd7 25. Bc5 Rf5 26. Re3 a4 27. Rae1 g5 28.
Re5 Rf4 29. g3 Rf3 30. R1e3 Rf7 31. Kf1 Rg8 32. Bb4 Rg6 33. Ke1 Rgf6 34. Re2 Rf3
35. Rd2 R7f5 36. Rxf5 Rxf5 37. Re2 g4 38. Re5 Rxe5+ 39. dxe5 Kc6 40. Ke2 Be4 41.
Ke3 Kd5 42. Bd6 h5 43. Bc7 Bg6 44. Kf4 Be8 45. f3 gxf3 46. Kxf3 Bg6 47. Ke3 Bf5
48. h4 Bg4 49. Bd6 Bd1 50. Bb8 Bg4 51. Bd6 Bd1 {Game drawn by mutual agreement}
1/2-1/2

[Event "Team 45 45 League T80"]
[Site "Internet Chess Club"]
[Date "2019.04.22"]
[Round "4"]
[White "MathBandit"]
[Black "cpic2363"]
[Result "1-0"]
[WhiteElo "1607"]
[BlackElo "1506"]
[Opening "Scandinavian (center counter) defense"]
[ECO "B01"]
[Time "20:03:50"]
[TimeControl "2700+45"]

1. e4 d5 2. exd5 Qxd5 3. d4 Nf6 4. Nc3 Qa5 5. Bd2 c6 6. Nf3 Bg4 7. h3 Bxf3 8.
Qxf3 Qc7 9. Bf4 Qd8 10. Rd1 e6 11. Bc4 Bd6 12. Bg5 Be7 13. O-O O-O 14. Rfe1 Nbd7
15. Re2 Nd5 16. Bxe7 Nxe7 17. Ne4 Qc7 18. Ng5 Nf6 19. Rde1 Ng6 20. Bxe6 Nf4 21.
Bxf7+ Rxf7 22. Re3 Rd7 23. g3 h6 24. gxf4 hxg5 25. fxg5 Rf7 26. gxf6 Rxf6 27.
Qh5 Qf4 28. Re8+ Rxe8 29. Rxe8+ Rf8 30. Rxf8+ Qxf8 31. Qe5 Qb4 32. b3 Qc3 33.
Qe6+ Kh7 34. Qf5+ Kg8 35. Qd3 Qa1+ 36. Kg2 Qxa2 37. c4 Qa5 38. d5 cxd5 39. cxd5
Qd8 40. Qf5 a5 41. Qe6+ Kh8 42. d6 Qg5+ 43. Kh2 Qf4+ 44. Kg1 Qc1+ 45. Kg2 Qg5+
46. Kf3 Qh5+ 47. Ke4 Qh4+ 48. Qg4 Qxf2 49. Qc8+ Kh7 50. Qf5+ {Black resigns} 1-0

[Event "Team 45 45 League T80"]
[Site "Internet Chess Club"]
[Date "2019.04.21"]
[Round "4"]
[White "Megasus"]
[Black "BrerRabbit"]
[Result "1-0"]
[WhiteElo "1567"]
[BlackElo "1347"]
[Opening "Réti opening"]
[ECO "A04"]
[Time "20:31:36"]
[TimeControl "2700+45"]

1. Nf3 d6 2. d4 Nf6 3. e3 Bg4 4. Nbd2 e6 5. h3 Bh5 6. Be2 Be7 7. g4 Bg6 8. c4 c5
9. Qb3 Qd7 10. dxc5 dxc5 11. Ne5 Qc7 12. Nxg6 hxg6 13. Bf3 Nc6 14. Qa4 O-O 15.
a3 Nd7 16. Qc2 Nce5 17. Be2 Nf6 18. f4 Nc6 19. h4 Rad8 20. h5 gxh5 21. gxh5 Na5
22. b3 Kh8 23. Bb2 Ng8 24. h6 Bf6 25. hxg7+ Kxg7 26. Qh7# {Black checkmated} 1-0

[Event "Team 45 45 League T80"]
[Site "Internet Chess Club"]
[Date "2019.04.19"]
[Round "4"]
[White "fireball"]
[Black "Egmont"]
[Result "0-1"]
[WhiteElo "1602"]
[BlackElo "1590"]
[Opening "French: advance, Milner-Barry gambit"]
[ECO "C02"]
[Time "10:03:43"]
[TimeControl "2700+45"]

1. e4 e6 2. d4 d5 3. e5 c5 4. c3 Nc6 5. Nf3 Qb6 6. Bd3 Bd7 7. O-O cxd4 8. cxd4
Nxd4 9. Ng5 Be7 10. Nxf7 Kxf7 11. Qh5+ Kf8 12. Be3 Qxb2 13. Nd2 Nc6 14. Rab1
Qxe5 15. Qd1 Qc7 16. f4 Nf6 17. Nb3 b6 18. Nd4 Nxd4 19. Bxd4 Bc5 20. Bxc5+ Qxc5+
21. Kh1 Kf7 22. Qe2 Rhe8 23. Rfc1 Qd6 24. Qf3 Rac8 25. g4 Rxc1+ 26. Rxc1 Rc8 27.
Rxc8 Bxc8 28. g5 Ne4 29. Qh5+ Kg8 30. Qe2 Qxf4 31. Bxe4 Qxe4+ {White resigns}
0-1

[Site "Internet Chess Club"]
[TimeControl "2700+45"]
[Result "1-0"]

[Event "Team 45 45 League T80"]
[Site "Internet Chess Club"]
[Date "2019.04.19"]
[Round "4"]
[White "JPSVI"]
[Black "Constrictor"]
[Result "1/2-1/2"]
[WhiteElo "1447"]
[BlackElo "1548"]
[Opening "Réti: King's Indian attack (Barcza system)"]
[ECO "A07"]
[Time "20:04:09"]
[TimeControl "2700+45"]

1. Nf3 d5 2. g3 Nf6 3. Bg2 c6 4. O-O g6 5. d3 Bg7 6. Nbd2 O-O 7. e4 dxe4 8. dxe4
Nbd7 9. c3 Qc7 10. Qe2 e5 11. Nb3 Nb6 12. h3 Be6 13. Nfd2 Rad8 14. Nc5 Bc8 15.
Nf3 Nbd7 16. Nd3 c5 17. Bg5 h6 18. Bxf6 Bxf6 19. Rad1 b6 20. c4 Nb8 21. Rd2 Nc6
22. Kh2 Nd4 23. Nxd4 Rxd4 24. b3 Rfd8 25. h4 Qd6 26. Rfd1 h5 27. Bh3 Bxh3 28.
Kxh3 Bg7 29. Qe3 Kh7 30. f4 Bh6 31. Qf3 exf4 32. gxf4 Bxf4 33. Nxf4 Rxd2 34.
Rxd2 Qxd2 35. Nd5 Rf8 36. Nf6+ Kg7 37. e5 Qd4 38. Nxh5+ Kh6 39. Nf6 Kg7 40. Ng4
Qd7 41. Qf6+ Kh7 42. Qf4 Qf5 43. Qh6+ Kg8 44. Kg3 Qd3+ 45. Kf4 Qf1+ 46. Kg3 Qg1+
47. Kf3 Qf1+ 48. Kg3 Qg1+ 49. Kf3 Qf1+ 50. Kg3 {Game drawn by repetition}
1/2-1/2

[Event "Team 45 45 League T80"]
[Site "Internet Chess Club"]
[Date "2019.04.22"]
[Round "4"]
[White "Gilguli"]
[Black "nidusin2"]
[Result "0-1"]
[WhiteElo "1311"]
[BlackElo "1480"]
[Opening "Philidor: Improved Hanham variation"]
[ECO "B07"]
[Time "11:00:34"]
[TimeControl "2700+45"]

1. e4 d6 2. d4 Nf6 3. Nc3 Nbd7 4. Nf3 e5 5. d5 Nc5 6. Be3 Ncxe4 7. Nxe4 Nxe4 8.
Bd3 Nf6 9. c4 e4 10. Bxe4 Nxe4 11. Qd4 Nf6 12. O-O Be7 13. Rfe1 O-O 14. Re2 Bg4
15. Rae1 Bxf3 16. gxf3 Re8 17. Kh1 Qd7 18. Rg1 Qf5 19. Rg2 Qxf3 20. Re1 Qe4 21.
Qc3 Qf3 22. Qd4 Bf8 23. Rg1 Re4 24. Qc3 Rae8 25. Bg5 Qxc3 26. bxc3 Be7 27. Bh6
g6 28. Be3 Bf8 29. Bd4 Bg7 30. h4 Re1 31. Bxf6 Rxg1+ 32. Rxg1 Bxf6 33. h5 Re5
34. hxg6 Rh5+ 35. Kg2 Rg5+ 36. Kh2 Rxg1 37. gxf7+ Kxf7 38. Kxg1 Bxc3 {White
resigns} 0-1

[Event "Team 45 45 League T80"]
[Site "Internet Chess Club"]
[Date "2019.04.21"]
[Round "4"]
[White "Percival"]
[Black "PolishRyszard"]
[Result "1/2-1/2"]
[WhiteElo "1931"]
[BlackElo "1857"]
[Opening "Old Indian defense"]
[ECO "A42"]
[Time "02:02:28"]
[TimeControl "2700+45"]

1. d4 d6 2. c4 f5 3. Nc3 Nf6 4. Bg5 Nbd7 5. Nf3 g6 6. g3 Bg7 7. Bg2 O-O 8. d5
Nc5 9. Nd4 e5 10. dxe6 c6 11. O-O Nxe6 12. Nxe6 Bxe6 13. Qd3 Qe7 14. Rad1 Qf7
15. b3 Rad8 16. Qd2 {Game drawn by mutual agreement} 1/2-1/2

[Event "Team 45 45 League T80"]
[Site "Internet Chess Club"]
[Date "2019.04.19"]
[Round "4"]
[White "disinformator"]
[Black "gnat"]
[Result "0-1"]
[WhiteElo "1802"]
[BlackElo "1979"]
[Opening "English, Kramnik-Shirov counterattack"]
[ECO "A21"]
[Time "04:33:14"]
[TimeControl "2700+45"]

1. c4 e5 2. Nc3 Bb4 3. Nf3 Bxc3 4. bxc3 d6 5. e3 e4 6. Nd4 c5 7. Nc2 Nc6 8. d3
f5 9. d4 Nf6 10. Ba3 b6 11. Rb1 O-O 12. g3 Kh8 13. Be2 Ba6 14. Bc1 Qe8 15. Na3
Na5 16. Nb5 Qe7 17. h3 Ne8 18. O-O Nc7 19. a4 Bc8 20. Nxc7 Qxc7 21. d5 Ba6 22.
Rb5 Bxb5 23. cxb5 c4 24. Ba3 a6 25. Bb4 axb5 26. axb5 Nb3 27. Qc2 Rfd8 28. g4 g6
29. f3 Ra1 30. fxe4 Rxf1+ 31. Bxf1 fxg4 32. e5 dxe5 33. d6 Qf7 34. Qe4 Qxf1+
{White resigns} 0-1

[Event "Team 45 45 League T80"]
[Site "Internet Chess Club"]
[Date "2019.04.21"]
[Round "4"]
[White "jjimalo"]
[Black "cadmiumorange"]
[Result "1/2-1/2"]
[WhiteElo "1794"]
[BlackElo "1705"]
[Opening "Queen's pawn game, Chigorin variation"]
[ECO "D02"]
[Time "11:00:49"]
[TimeControl "2700+45"]

1. d4 d5 2. Nf3 Nc6 3. g3 Bg4 4. Bg2 Qd7 5. Nbd2 O-O-O 6. O-O f6 7. c3 e5 8.
dxe5 fxe5 9. b4 e4 10. b5 exf3 11. bxc6 Qxc6 12. Nxf3 Bxf3 13. Bxf3 Nf6 14. Bf4
Bd6 15. Bxd6 Rxd6 16. Qd4 Qb6 {Game drawn by mutual agreement} 1/2-1/2

[Event "Team 45 45 League T80"]
[Site "Internet Chess Club"]
[Date "2019.04.20"]
[Round "4"]
[White "walkover"]
[Black "Constrictor"]
[Result "1-0"]
[WhiteElo "1706"]
[BlackElo "1538"]
[Opening "Alekhine's defense: exchange variation"]
[ECO "B03"]
[Time "11:03:08"]
[TimeControl "2700+45"]

1. e4 Nf6 2. e5 Nd5 3. d4 d6 4. c4 Nb6 5. exd6 cxd6 6. d5 e5 7. Nc3 Bf5 8. Nf3
N8d7 9. Be2 Rc8 10. b3 Be7 11. O-O O-O 12. Be3 a6 13. Qd2 Bf6 14. Rac1 Nc5 15.
h3 Nbd7 16. b4 Ne4 17. Nxe4 Bxe4 18. c5 Qe7 19. Ng5 Bf5 20. g4 Bg6 21. Ne6 fxe6
22. dxe6 Nxc5 23. bxc5 Rc6 24. g5 dxc5 25. gxf6 gxf6 26. Rfd1 Bf5 27. Qd7 Qxd7
28. exd7 Rd8 29. Rxc5 Rxc5 30. Bxc5 Rxd7 31. Bc4+ Kg7 32. Rxd7+ Bxd7 33. Kg2
Bc6+ 34. Kg3 f5 35. Kh4 Kg6 36. Be7 Bf3 37. Kg3 Be4 38. f3 Bc6 39. Bd6 e4 40.
fxe4 Bxe4 41. Kf4 Kf6 42. h4 Kg6 43. Be7 Bc6 44. Be6 Be4 45. Bc8 Kf7 46. Bd6 Bd5
47. Bxf5 Bxa2 48. Bxh7 Bd5 49. Kg5 b5 50. Bg6+ Ke6 51. Bf8 a5 52. h5 b4 53. h6
{Black resigns} 1-0

[Event "Team 45 45 League T80"]
[Site "Internet Chess Club"]
[Date "2019.04.22"]
[Round "4"]
[White "backrankbrawler"]
[Black "santiagoelawad"]
[Result "1-0"]
[WhiteElo "1787"]
[BlackElo "1900"]
[Opening "QGD Slav: 4.e3 Bf5"]
[ECO "D12"]
[Time "21:00:49"]
[TimeControl "2700+45"]

1. d4 d5 2. Nf3 Nf6 3. e3 Bf5 4. c4 c6 5. cxd5 cxd5 6. Qb3 Qb6 7. Qxb6 axb6 8.
Nc3 e6 9. Bb5+ Nfd7 10. Bd2 Nc6 11. O-O Bd6 12. Rfc1 Ke7 13. Nh4 Bg6 14. f4 f6
15. Nxg6+ hxg6 16. a3 Na5 17. Rc2 Rhc8 18. Rac1 Nb3 19. Rd1 Kd8 20. Be1 Nb8 21.
Bd3 f5 22. Bh4+ Ke8 23. Nb5 Rc6 24. Rxc6 bxc6 25. Nxd6+ Kd7 26. Nf7 c5 27. Bb5+
Kc8 28. Nd6+ Kc7 29. Ne8+ Kc8 30. Nxg7 c4 31. a4 Na6 32. Nxe6 Nb4 33. Nf8 Nd3
34. Nxg6 Nxb2 35. Rb1 c3 36. Bd3 Rxa4 37. Bxf5+ Kb7 38. Bc2 Ra1 39. Be1 Rxb1 40.
Bxb1 Nd2 41. Bc2 Nbc4 42. Kf2 b5 43. Ne5 b4 44. Bxd2 Nxd2 45. Ke2 Kc7 46. Nf3
Nc4 47. Bb3 Kd6 48. g4 Na5 49. Bc2 b3 50. Bxb3 Nxb3 51. Kd3 Ke6 52. Kxc3 Na5 53.
h4 Nc6 54. Ne5 Ne7 55. f5+ Kf6 56. Kd3 Nc8 57. e4 dxe4+ 58. Kxe4 Nb6 59. g5+ Kg7
60. h5 Nc8 61. f6+ Kh7 62. Kd5 Nb6+ 63. Ke6 Nc8 64. d5 Kh8 65. g6 Kg8 66. h6 Kh8
67. Nf7+ Kg8 68. h7+ Kf8 69. h8=Q# {Black checkmated} 1-0

[Event "Team 45 45 League T80"]
[Site "Internet Chess Club"]
[Date "2019.04.21"]
[Round "4"]
[White "nathanpillay"]
[Black "Portola"]
[Result "0-1"]
[WhiteElo "1731"]
[BlackElo "1801"]
[Opening "Catalan: closed, 5.Nf3"]
[ECO "E06"]
[Time "10:00:49"]
[TimeControl "2700+45"]

1. d4 d5 2. c4 e6 3. Nf3 Nf6 4. g3 Be7 5. Bg2 O-O 6. O-O b6 7. cxd5 exd5 8. Nc3
Bb7 9. Bf4 c6 10. Rc1 Nbd7 11. Ne1 Re8 12. e4 dxe4 13. Nxe4 Nxe4 14. Bxe4 Rc8
15. Bb1 Nf6 16. Be5 Qd5 17. f3 c5 18. Qd3 g6 19. Rd1 Nd7 20. Bf4 cxd4 21. a3 Nf6
22. Nc2 a5 23. Nxd4 Bc5 24. Kh1 Ng4 25. Rd2 Rcd8 26. Nb3 Qxb3 27. Qxb3 Rxd2 28.
Bxd2 Re2 29. Be3 Bxe3 30. Qc2 Rxc2 31. Bxc2 Nf6 32. Kg2 Bc5 33. Rd1 Nd5 34. Rd2
Ne3+ 35. Kh3 Bxf3 36. Rd8+ Kg7 37. g4 Nxc2 38. Kg3 Bc6 39. Rc8 Bb5 40. h3 Ne3
41. Rd8 Nc4 {White resigns} 0-1

[Event "Team 45 45 League T80"]
[Site "Internet Chess Club"]
[Date "2019.04.20"]
[Round "4"]
[White "andrew37"]
[Black "cayo89"]
[Result "1-0"]
[WhiteElo "1629"]
[BlackElo "1667"]
[Opening "Queen's Pawn"]
[ECO "A41"]
[Time "15:09:16"]
[TimeControl "2700+45"]

1. d4 d6 2. Bf4 Nf6 3. e3 Nbd7 4. Nf3 c6 5. Bd3 Qc7 6. O-O e5 7. dxe5 dxe5 8.
Bg3 Bd6 9. Nbd2 b5 10. a4 Ba6 11. axb5 Bxb5 12. c4 e4 13. Nxe4 Nxe4 14. Bxd6
Nxd6 15. cxb5 Nxb5 16. Qc2 Qb6 17. Rac1 c5 18. Bxb5 {Black resigns} 1-0

[Event "Team 45 45 League T80"]
[Site "Internet Chess Club"]
[Date "2019.04.19"]
[Round "4"]
[White "junard"]
[Black "cool64chess"]
[Result "1-0"]
[WhiteElo "1831"]
[BlackElo "1908"]
[Opening "Queen's pawn game, Darooha variation "]
[ECO "D02"]
[Time "06:15:02"]
[TimeControl "2700+45"]

1. d4 d5 2. Nf3 Nf6 3. c4 e6 4. cxd5 exd5 5. Nc3 Be7 6. Bg5 O-O 7. Qc2 c6 8. e3
h6 9. Bh4 Re8 10. Bd3 Nbd7 11. O-O Ne4 12. Bxe7 Qxe7 13. Rab1 a5 14. a3 Ndf6 15.
b4 axb4 16. axb4 Ra3 17. Bxe4 Nxe4 18. Nxe4 dxe4 19. Ne5 Bf5 20. Qc5 Qe6 21. b5
Ra2 22. bxc6 bxc6 23. Qxc6 f6 24. Qxe6+ Rxe6 25. Rb8+ Kh7 26. Nd7 Rea6 27. Nc5
R6a5 28. Re8 Ra7 29. h3 Rb2 30. g4 Bg6 31. Rf8 Raa2 32. Ne6 h5 33. Nf4 hxg4 34.
hxg4 {Black resigns} 1-0

[Event "Team 45 45 League T80"]
[Site "Internet Chess Club"]
[Date "2019.04.22"]
[Round "4"]
[White "KCChessc6"]
[Black "Constrictor"]
[Result "1-0"]
[WhiteElo "1739"]
[BlackElo "1530"]
[Opening "English: Anglo-Dutch defense"]
[ECO "A10"]
[Time "19:33:58"]
[TimeControl "2700+45"]

1. c4 f5 2. g3 Nf6 3. Bg2 g6 4. Nc3 Bg7 5. d3 O-O 6. Nf3 d6 7. O-O e5 8. b4 Na6
9. Rb1 c6 10. Be3 Bd7 11. b5 Nc7 12. Qb3 Qe8 13. c5+ d5 14. Nxe5 Nxb5 15. Nxd7
Qxd7 16. Nxb5 cxb5 17. Qxb5 Qc6 18. Bd4 Qxb5 19. Rxb5 Rf7 20. Bxf6 Rxf6 21.
Bxd5+ Kf8 22. Rxb7 Rc8 23. Rfb1 Ra6 24. Rf7+ {Black resigns} 1-0

[Event "Team 45 45 League T80"]
[Site "Internet Chess Club"]
[Date "2019.04.17"]
[Round "4"]
[White "Chess4Him"]
[Black "mongmong"]
[Result "1-0"]
[WhiteElo "1523"]
[BlackElo "1520"]
[Opening "Queen's pawn"]
[ECO "A40"]
[Time "21:30:29"]
[TimeControl "2700+45"]

1. d4 e6 2. Bf4 Nf6 3. e3 b6 4. Nf3 Bb7 5. Nbd2 d6 6. c3 Be7 7. h3 O-O 8. a4 c5
9. a5 a6 10. axb6 Qxb6 11. Nc4 Qd8 12. Be2 Nc6 13. dxc5 dxc5 14. Qxd8 Bxd8 15.
Nd6 Ra7 16. O-O Nd5 17. Bg3 Nf6 18. Rfb1 Ne8 19. Nxb7 Rxb7 20. Rxa6 Bf6 21. Rxc6
Bxc3 22. Be5 Bxe5 23. Nxe5 Nf6 24. Bf3 Rb5 25. Rc7 Nd5 26. Bxd5 exd5 27. Nd7
Rfb8 {Black resigns} 1-0

[Event "Team 45 45 League T80"]
[Site "Internet Chess Club"]
[Date "2019.04.19"]
[Round "4"]
[White "ChessRooklift"]
[Black "zepled37"]
[Result "1/2-1/2"]
[WhiteElo "1715"]
[BlackElo "1734"]
[Opening "Caro-Kann: advance variation"]
[ECO "B12"]
[Time "17:20:02"]
[TimeControl "2700+45"]

1. e4 c6 2. d4 d5 3. e5 c5 4. c3 Bf5 5. Bd3 Bxd3 6. Qxd3 e6 7. Nf3 Nc6 8. O-O
Nge7 9. Re1 Nf5 10. Nbd2 Qb6 11. Nf1 cxd4 12. Ng3 Nxg3 13. hxg3 dxc3 14. bxc3
Be7 15. Be3 Qc7 16. Rab1 b6 17. c4 {Game drawn by mutual agreement} 1/2-1/2

[Event "Team 45 45 League T80"]
[Site "Internet Chess Club"]
[Date "2019.04.20"]
[Round "4"]
[White "Grenadier"]
[Black "Egmont"]
[Result "0-1"]
[WhiteElo "1627"]
[BlackElo "1609"]
[Opening "French: advance, Milner-Barry gambit"]
[ECO "C02"]
[Time "09:00:58"]
[TimeControl "2700+45"]

1. e4 e6 2. d4 d5 3. e5 c5 4. c3 Nc6 5. Nf3 Qb6 6. Bd3 cxd4 7. cxd4 Bd7 8. O-O
Nxd4 9. Nxd4 Qxd4 10. Nc3 a6 11. Qe2 Qb6 12. a3 Ne7 13. Kh1 g6 14. Bg5 Bg7 15.
Bf6 Bxf6 16. exf6 Ng8 17. Nxd5 Qd6 18. Nc3 Nxf6 19. Rfd1 Qe7 20. Rd2 Bc6 21.
Rad1 O-O 22. Be4 Rfd8 23. Bxc6 Rxd2 24. Rxd2 bxc6 25. h3 Qb7 26. Na4 Nd5 27. Nc5
Qb5 28. b4 Qxe2 29. Rxe2 a5 30. Rb2 axb4 31. axb4 Rb8 32. Nd3 Kf8 33. Ne5 Rxb4
34. Rxb4 Nxb4 35. Kg1 Ke7 36. Kf1 f6 37. Nc4 Kd7 38. Ke2 c5 39. f4 Kc6 40. Ke3
Nd5+ 41. Ke4 Nb6 42. Ne3 Kb5 43. g4 Nc4 44. Nc2 Nd6+ 45. Kd3 e5 46. fxe5 fxe5
47. Na3+ Ka4 48. Nc2 g5 49. Kc3 e4 50. Ne3 Kb5 51. Nd5 Kc6 52. Ne3 Kd7 53. Nd5
Ke6 54. Ne3 Ke5 55. Ng2 c4 56. Kd2 Kd4 57. Ke2 c3 58. Ne3 Nc4 59. Nc2+ Ke5 60.
Kf2 Kf4 61. Nd4 e3+ 62. Kg2 Ke4 63. Ne2 Kd3 64. Kf1 Kd2 65. Nd4 c2 66. Nxc2 Kxc2
67. Ke2 Kc3 68. Ke1 Kd3 69. Kd1 Ke4 70. Ke2 Kf4 71. h4 gxh4 {White resigns} 0-1